 Dungeon Crawl Stone Soup version 0.30-a0-223-gcb0039aa0c (webtiles) character file.

Game seed: 14469189408928660719

28 greasedhog the Trooper (level 3, 0/24 HPs)
             Began as a Gargoyle Chaos Knight on Oct 9, 2022.
             Was a Plaything of Xom.
             Slain by a worm (9 damage)
             ... on level 2 of the Dungeon.
             The game lasted 00:01:06 (1038 turns).

greasedhog the Trooper (Gargoyle Chaos Knight)      Turns: 1038, Time: 00:01:06

Health: 0/24       AC:  9    Str: 17    XL:     3   Next: 14%
Magic:  3/3        EV:  9    Int: 12    God:    Xom [...*..]
Gold:   44         SH:  0    Dex:  9    Spells: 2/2 levels left

rFire   . . .      SeeInvis .    a - +0 mace (chaos)
rCold   . . .      Faith    .    (no shield)
rNeg    + . .      Spirit   .    d - +0 scale mail
rPois   ∞          Reflect  .    (no helmet)
rElec   +          Harm     .    (no cloak)
rCorr   .          Rampage  .    (no gloves)
Will    .....                    (no boots)
Stlth   ..........               (no amulet)
HPRegen 0.24/turn                (no ring)
MPRegen 0.08/turn                (no ring)

@: no status effects
A: sickness immunity, AC +3, negative energy resistance 1, electricity
resistance, torment resistance 1, petrification resistance
a: Renounce Religion


You were on level 2 of the Dungeon.
You worshipped Xom.
You were a favourite toy of Xom.
You visited 1 branch of the dungeon, and saw 2 of its levels.

You collected 44 gold pieces.

Inventory:

Hand Weapons
 a - a +0 mace of chaos (weapon)
Armour
 d - a +0 scale mail (worn)
Jewellery
 h - a +6 ring of strength
Scrolls
 g - a scroll of magic mapping
 l - a scroll of butterflies {unknown}
 n - a scroll of enchant weapon {unknown}
Potions
 b - 2 potions of might {unknown}
 e - a potion of attraction {unknown}
 f - a potion of berserk rage {unknown}
 i - a potion of lignification {unknown}
 j - 2 potions of degeneration {unknown}
 k - a potion of curing {unknown}
 m - a potion of heal wounds {unknown}
Miscellaneous
 c - a piece from Xom's chessboard (15/15) (quivered)


   Skills:
 * Level 3.7 Fighting
 * Level 3.4 Maces & Flails
 * Level 2.8 Armour
 - Level 0.7 Dodging


You had 2 spell levels left.
You didn't know any spells.
Your spell library contained the following spells:

 Spells                   Type           Power      Damage    Failure   Level
 Sandblast                Erth           0%         2d4       73%         1
 Passwall                 Tmut/Erth      0%         N/A       86%         2
 Stone Arrow              Conj/Erth      0%         3d7       97%         3


Dungeon Overview and Level Annotations

Branches:
Dungeon (2/15)

Altars:


Innate Abilities, Weirdness & Mutations

You are immune to sickness and miasma.
Your stone body is resilient. (AC +3)
You are immune to poison.
You resist negative energy. (rN+)
You are resistant to electric shocks. (rElec)
You are resistant to unholy torment.
You are immune to petrification.


Message History

No target in view!
No target in view!
No target in view!
No target in view!
No target in view!
No target in view!
No target in view!
No target in view!
No target in view!
No target in view!
Found a stone staircase leading down.
There is a stone staircase leading down here.
There is a stone staircase leading down here.
You see here a dart slug corpse.
A worm comes into view.
A worm is nearby!
The worm bites you but does no damage.
You hit the worm.
The worm goes berserk!
The worm is moderately wounded.
The worm closely misses you.
You hit the worm.
The worm is moderately wounded.
The worm bites you!
Ouch! That really hurt!
You are too injured to fight recklessly!
You are too injured to fight recklessly!
You are too injured to fight recklessly!
You are too injured to fight recklessly!
You are too injured to fight recklessly!
You are too injured to fight recklessly!
You are too injured to fight recklessly!
You are too injured to fight recklessly!
You are too injured to fight recklessly!
You are too injured to fight recklessly!
A worm is nearby!
You barely miss the worm.
The worm is moderately wounded.
The worm bites you!
You die... "What!?
That's it?"

##+# #.#
#.###.#
#.###.###.#
#.........#
#####.#####
#.# #.# #
#.#
#.#.#.##.#
#....w@.#
...##.####
#


You could see a worm (berserk).

Vanquished Creatures
  A gnoll (D:1)
  A dart slug (D:2)
  3 endoplasms (D:1)
  2 giant cockroaches (D:2)
  4 hobgoblins
  2 ball pythons
  A kobold (D:2)
  A rat (D:2)
15 creatures vanquished.

Notes
Turn   | Place    | Note
-------+----------+-------------------------------------------
     0 | D:1      | greasedhog the Gargoyle Chaos Knight began the quest for
                  | the Orb.
     0 | D:1      | Reached XP level 1. HP: 14/14 MP: 1/1
   228 | D:1      | XOM: divination: magic mapping
   380 | D:1      | Reached XP level 2. HP: 10/19 MP: 2/2
   652 | D:1      | XOM: god gift: scroll labelled RESUEL RUFUE {god gift}
   927 | D:2      | Reached XP level 3. HP: 22/24 MP: 3/3
  1038 | D:2      | Slain by a worm

Illustrated notes

Levels and vault maps discovered:
D:1:      dpeg_arrival_more_subterranean_lakeside_camping, layout_loops_ring
D:2:      layout_loops_corners, dreamdust_ecumenical_altar_grove,
          nicolae_figureground_sparkle

Action                   || total
-------------------------++-------
Melee: Mace              ||    41
       Punch             ||     1
  Use: Scroll            ||     3
Armor: Scale mail        ||    18
       Leather armour    ||     1
Dodge: Dodged            ||    10

Table legend: (Time is in decaauts)
 A = Elapsed time spent in this place.
 B = Non-inter-level travel time spent in this place.
 C = Inter-level travel time spent in this place.
 D = Time resting spent in this place.
 E = Time spent auto-exploring this place.
 F = Levels seen in this place.
 G = Mean time per level.
                   A        B        C        D        E       F      G
               +--------+--------+--------+--------+--------+-----+--------+
         Total |   1047 |   1031 |     16 |      0 |    887 |   2 |  523.5 |
       Dungeon |   1047 |   1031 |     16 |      0 |    887 |   2 |  523.5 |
               +--------+--------+--------+--------+--------+-----+--------+

Top non-repeatable levels by time:
     D:1: 677 daAuts
     D:2: 370 daAuts
